 Dungeon Crawl Stone Soup version 0.32-a0-842-gbbb8fdbe59 (webtiles) character file.

Game seed: 9404909709745899432

96217 Ajdolov the Pandemonic (level 16, -1/91 HPs)
             Began as a Vine Stalker Monk on Mar 27, 2024.
             Was a High Priest of Makhleb.
             Engulfed by a death drake's foul pestilence (2 damage)
             ... on level 2 of the Swamp.
             The game lasted 01:10:05 (25158 turns).

Ajdolov the Pandemonic (Vine Stalker Monk)         Turns: 25158, Time: 01:10:05

Health: -1/91      AC: 21    Str: 19    XL:     16   Next: 16%
Magic:  0/30       EV:  6    Int: 14    God:    Makhleb [*****.]
Gold:   542        SH:  6    Dex: 23    Spells: 15/15 levels left

rFire   + .          .
                       - Unarmed
rCold   + . .        y - +0 buckler
rNeg    . . .        T - +0 plate armour {rC+}
rPois   +            X - +2 helmet {SInv}
rElec   .            t - +0 cloak
rCorr   .            l - +0 pair of gloves
SInv    +            W - +2 pair of boots
Will    ++...        m - amulet "Yfadupn" {Rampage Regen+ Int+4 Dex+3} Stlth
                     U - ring of poison resistance
HPRegen 1.95/turn    A - ring of protection from fire
MPRegen 0.22/turn

%: guardian spirit, rampage
@: hasted and slowed
A: fangs 3, regeneration 1, magic shield, antimagic bite, no potion heal 2
a: Renounce Religion, Minor Destruction, Lesser Servant of Makhleb, Major
Destruction, Greater Servant of Makhleb


You were on level 2 of the Swamp.
You worshipped Makhleb.
Makhleb was extremely pleased with you.
You visited 5 branches of the dungeon, and saw 25 of its levels.

You collected 2190 gold pieces.
You spent 1648 gold pieces at shops.

Inventory:

Missiles
 u - 2 throwing nets
 I - 6 curare-tipped darts
Armour
 l - a +0 pair of gloves (worn)
 t - a +0 cloak (worn)
 y - a +0 buckler (worn)
 T - a +0 plate armour of cold resistance (worn)
 W - a +2 pair of boots (worn)
 X - a +2 helmet of see invisible (worn)
Jewellery
 m - the amulet "Yfadupn" (around neck) {Rampage Regen+ Int+4 Dex+3}
   (You bought it in a shop on level 2 of the Orcish Mines)

   [amulet of regeneration]

   Int+4:     It affects your intelligence (+4).
   Dex+3:     It affects your dexterity (+3).
   Regen+:    It increases your rate of health regeneration.
   Rampage:   It bestows one free step when moving towards enemies.
 A - a ring of protection from fire (right hand)
 F - a ring of ice
 L - a ring of ice
 S - a ring of flight
 U - a ring of poison resistance (left hand)
Wands
 d - a wand of paralysis (15)
 D - a wand of flame (77)
 E - a wand of mindburst (21)
 G - a wand of quicksilver (10)
 J - a wand of warping (22)
 N - a wand of digging (4)
 V - a wand of polymorph (4)
Scrolls
 f - 2 scrolls of blinking
 i - 7 scrolls of amnesia
 n - 4 scrolls of noise
 o - 2 scrolls of enchant armour
 r - 8 scrolls of teleportation
 w - a scroll of fear
 B - 4 scrolls of poison
 H - 5 scrolls of fog
 O - 3 scrolls of immolation
 P - 2 scrolls of brand weapon
 R - 5 scrolls of revelation
Potions
 a - 2 potions of berserk rage
 b - 2 potions of ambrosia
 e - 2 potions of haste
 g - 5 potions of curing
 h - 2 potions of invisibility
 p - 3 potions of brilliance
 q - 5 potions of mutation
 s - 4 potions of might
 x - 4 potions of enlightenment
 z - 3 potions of attraction
 C - a potion of resistance
 K - 5 potions of lignification
 M - 3 potions of cancellation


   Skills:
 + Level 13.0 Fighting
 - Level 5.0 Armour
 - Level 2.4 Dodging
 * Level 3.7 Shields
 - Level 14.5 Unarmed Combat
 + Level 18.4 Invocations
 - Level 5.0 Evocations


You had 15 spell levels left.
You didn't know any spells.
Your spell library contained the following spells:

 Spells                   Type           Power      Damage    Failure   Level
 Freeze                   Ice            0%         1d3       100%        1
 Magic Dart               Conj           0%         1d3       100%        1
 Necrotise                Necr           0%         1d4       100%        1
 Slow                     Hex            0%         N/A       100%        1
 Blink                    Tloc           0%         N/A       100%        2
 Call Imp                 Summ           0%         N/A       100%        2
 Ensorcelled Hibernation  Hex/Ice        0%         N/A       100%        2
 Mercury Vapours          Alch/Air       0%         N/A       100%        2
 Static Discharge         Conj/Air       0%         3-3/arc   100%        2
 Confusing Touch          Hex            0%         N/A       100%        3
 Frozen Ramparts          Ice            0%         1d1       100%        3
 Fugue of the Fallen      Necr           0%         N/A       100%        3
 Hailstorm                Conj/Ice       0%         3d5       100%        3
 Mephitic Cloud           Conj/Alch/Air  0%         N/A       100%        3
 Passwall                 Erth           0%         N/A       100%        3
 Stone Arrow              Conj/Erth      0%         3d7       100%        3
 Swiftness                Air            0%         N/A       100%        3
 Tukima's Dance           Hex            0%         N/A       100%        3
 Vampiric Draining        Necr           0%         2d6       100%        3
 Airstrike                Air            0%         2d(0-16)  100%        4
 Anguish                  Hex/Necr       0%         N/A       100%        4
 Animate Armour           Summ/Erth      0%         N/A       100%        4
 Dimensional Bullseye     Hex/Tloc       0%         N/A       100%        4
 Iskenderun's Mystic Bla  Conj/Tloc      0%         2d3       100%        4
 Martyr's Knell           Necr/Summ      0%         N/A       100%        4
 Summon Lightning Spire   Summ/Air       0%         N/A       100%        4
 Curse of Agony           Necr           0%         N/A       100%        5
 Freezing Cloud           Conj/Ice/Air   0%         6-21      100%        5
 Lehudib's Crystal Spear  Conj/Erth      0%         10d2      100%        8


Dungeon Overview and Level Annotations

Branches:
Dungeon (15/15)            Temple (1/1) D:6            Lair (5/5) D:10
  Swamp (2/4) Lair:3        Snake (0/4) Lair:3        Slime (0/5) Lair:4
    Orc (2/2) D:10            Elf (0/3) Orc:2        Vaults (0/5) D:13
 Depths (0/4) D:15

Altars:
Ashenzari
Cheibriados
Dithmenos
Elyvilon
Fedhas
Gozag
Hepliaklqana
Kikubaaqudgha
Makhleb
Nemelex Xobeh
Okawaru
Qazlal
Ru
Sif Muna
Trog
Uskayaw
Vehumet
Wu Jian
Xom
Yredelemnul
Zin
The Shining One
Jiyva

Shops:
D:3 [   D:10 :   Orc:2 *=(

Annotations:
D:6 3 runed translucent doors, topfpfpflanze's ghost, novice OpCj
Lair:3 exclusion: oklob plant
Orc:1 3 runed translucent doors, Bolyar's ghost, adept TrDe


Innate Abilities, Weirdness & Mutations

You have razor-sharp teeth.
Your natural rate of healing is unusually fast.
When hurt, damage is shared between your health and your magic reserves.
Your bite disrupts and absorbs the magic of your enemies.
Potions cannot restore your health.


Message History

You are engulfed in dark miasma.
You feel yourself slow down.
You feel extremely sick.
You feel extremely sick.
The death drake bites you but does no damage.
The death drake breathes miasma at you. The foul vapour engulfs you!
You are engulfed in dark miasma.
You are more poisoned.
You feel extremely sick.
The death drake attacks as it pursues you!
The death drake bites you but does no damage.
The death drake barely misses you.
Your system rejects the healing.
You feel better. The death drake bites you.
* * * LOW HITPOINT WARNING * * *
The death drake bites you.
* * * LOW HITPOINT WARNING * * *
You feel yourself speed up. The death drake breathes miasma at you.
The foul vapour engulfs you!
* * * LOW HITPOINT WARNING * * *
The death drake bites you but does no damage.
You are engulfed in dark miasma.
You are poisoned.
* * * LOW HITPOINT WARNING * * *
You feel very sick.
Unknown command.
You feel very sick. The death drake breathes miasma at you.
The foul vapour engulfs you!
You are lethally poisoned!
* * * LOW HITPOINT WARNING * * *
Your system rejects the healing.
You feel better.
You are engulfed in dark miasma.
You are lethally poisoned!
* * * LOW HITPOINT WARNING * * *
x2 You feel very sick.
The death drake bites you but does no damage.
Your system rejects the healing.
You feel better.
You are engulfed in dark miasma.
You die...

~~~ ♣~♣♣ ~~~~~ ♣..♣♣
~~~~. ♣♣♣.~~♣ ..~
♣♣♣♣♣....<♣
~~♣♣♣♣♣♣♣~♣♣.~~.~♣♣
♣~♣♣...~..♣.~§.<♣
♣....~~..°°~.!.~♣
♣~~~~~~°°°♣.~~~.♣
♣§~~~~~§°@♣♣~~~.♣
♣.~~~~~..k°♣.~~~♣
♣.~§§~..†.°°♣♣.♣♣
♣.~~....~~~.♣♣♣♣ ♣♣♣♣
♣♣~...~~~~~~.~♣♣♣♣
♣♣~~~♣♣♣.~~~~~~~~~..~~~♣
.....~♣~~~~~~~~~~~~~...♣
...§§.~.~~§....~~~~~.~~♣
...~~~..~..♣♣♣.~~~.♣♣♣♣♣


You could see a death drake.

Vanquished Creatures
  A tentacled monstrosity (Swamp:1)
  3 eleionomae
  Fannar (Lair:1)
  8 hydras
  A great orb of eyes (D:15)
  A rakshasa (D:15)
  4 catoblepae
  4 centaur warriors
  A tengu warrior (D:13)
  4 two-headed ogres
  3 death yaks (Lair:5)
  4 boulder beetles
  A skyshark (Lair:2)
  A goliath frog (Swamp:1)
  A spriggan druid (Swamp:1)
  An arcanist (D:13)
  A swamp dragon (Swamp:1)
  A lindwurm (Lair:5)
  4 orc knights
  2 deep elf pyromancers
  2 deep elf zephyrmancers (Orc:2)
  2 obsidian bats (Orc:2)
  7 manticores
  20 ugly things
  A cyclops (D:15)
  7 kobold blastminers
  18 elephants
  6 black mambas
  2 torpor snails
  Maggie (D:7)
  5 rime drakes
  A gargoyle (D:14)
  An unseen horror (shapeshifter) (D:15)
  2 unseen horrors (D:10)
  11 cane toads
  5 komodo dragons
  A freezing wraith (D:14)
  A tengu conjurer (D:13)
  A troll (shapeshifter) (D:8)
  A tyrant leech (Swamp:1)
  A hornet (Swamp:1)
  6 trolls
  A polar bear (Lair:4)
  Prince Ribbit (D:9)
  9 dream sheep (Lair:5)
  21 blink frogs
  A dream sheep (shapeshifter) (D:15)
  14 slime creatures
  A shadow (D:11)
  7 fire bats
  2 spriggans
  Grum (D:9)
  24 yaks
  7 basilisks
  4 wyverns
  3 wargs
  11 vampire mosquitoes
  3 nagas (Lair:3)
  3 steam dragons
  8 swamp worms
  8 water moccasins
  2 laughing skulls (D:13)
  2 sky beasts (D:7)
  33 orc warriors
  An ice beast (D:6)
  A swamp drake (Swamp:2)
  A black bear (D:5)
  7 ogres
  30 centaurs
  12 wolves
  A phantom (D:5)
  A kobold brigand (D:10)
  12 bullfrogs
  A bullfrog (shapeshifter) (D:12)
  A scorpion (D:6)
  8 wights (D:9)
  18 killer bees
  8 howler monkeys
  A crimson imp (Orc:2)
  A bombardier beetle (D:5)
  A centaur zombie (D:6)
  An iron imp (Orc:2)
  7 jellies
  13 orc priests
  3 gnoll boudas
  2 hounds
  3 sleepcaps
  3 iguanas
  21 orc wizards
  A howler monkey zombie (D:6)
  21 gnolls
  4 river rats (D:4)
  3 adders
  3 shadow imps
  3 white imps
  3 ufetubi
  6 ribbon worms
  3 dart slugs
  56 orcs
  7 ball pythons
  8 endoplasms
  2 giant cockroaches
  3 goblins
  5 hobgoblins
  4 jackals (D:1)
  A quokka (D:5)
  6 bats
  7 frilled lizards
  10 kobolds
  7 rats
636 creatures vanquished.

Vanquished Creatures (collateral kills)
  2 fenstrider witches (Swamp:1)
  A two-headed ogre (D:13)
  An arcanist (D:13)
  3 ugly things (D:15)
  2 elephants (Lair:2)
  A bloated husk (Swamp:1)
  A fire bat (Lair:2)
11 creatures vanquished.

Vanquished Creatures (others)
  A spriggan (Swamp:1)
  A hornet (Swamp:1)
  A gnoll (D:8)
  A white imp (Orc:2)
4 creatures vanquished.

Grand Total: 651 creatures vanquished

Notes
Turn   | Place    | Note
-------+----------+-------------------------------------------
     0 | D:1      | Ajdolov the Vine Stalker Monk began the quest for the Orb.
     0 | D:1      | Reached XP level 1. HP: 11/11 MP: 2/2
   151 | D:1      | Reached XP level 2. HP: 15/16 MP: 3/3
   586 | D:1      | Reached XP level 3. HP: 21/21 MP: 4/4
   942 | D:2      | Found a shimmering blue altar of Sif Muna.
  1512 | D:2      | Reached XP level 4. HP: 3/26 MP: 1/5
  1869 | D:3      | Reached skill level 5 in Fighting
  1869 | D:3      | Reached XP level 5. HP: 12/30 MP: 2/6
  1916 | D:3      | Found Kaneluiq's Antique Armour Emporium.
  2136 | D:3      | You fall into a shaft and drop 1 floor!
  2199 | D:4      | Found an ancient bone altar of Kikubaaqudgha.
  2606 | D:4      | Found a glowing golden altar of the Shining One.
  2649 | D:4      | Reached XP level 6. HP: 35/35 MP: 5/7
  2805 | D:4      | Reached skill level 5 in Unarmed Combat
  3009 | D:4      | Identified the +0 scale mail "Tagi" {rElec rN+}
  3213 | D:5      | Entered Level 5 of the Dungeon
  3355 | D:5      | Reached XP level 7. HP: 34/39 MP: 6/8
  3380 | D:5      | Identified the +5 whip of the Majestic God {freeze, rF+ rC-
                  | rN+++ Dex+3}
  3691 | D:5      | Found a broken altar of Ashenzari.
  3968 | D:5      | Gained mutation: You have razor-sharp teeth. [Vine Stalker
                  | growth]
  3968 | D:5      | Reached XP level 8. HP: 18/43 MP: 4/9
  4391 | D:6      | Found a staircase to the Ecumenical Temple.
  4395 | Temple   | Entered the Ecumenical Temple
  4429 | Temple   | Became a worshipper of Makhleb the Destroyer
  4429 | Temple   | Reached * piety under Makhleb
  4429 | Temple   | Reached ** piety under Makhleb
  4587 | D:6      | Reached skill level 1 in Invocations
  4677 | D:6      | Reached skill level 2 in Invocations
  4848 | D:6      | Found a runed translucent gate.
  4848 | D:6      | Found a runed translucent gate.
  4848 | D:6      | Found a runed translucent gate.
  4848 | D:6      | Noticed topfpfpflanze's ghost (novice OpCj)
  4850 | D:6      | Found a basalt altar of Yredelemnul.
  4891 | D:6      | Reached skill level 3 in Invocations
  5034 | D:6      | Reached skill level 10 in Unarmed Combat
  5034 | D:6      | Reached XP level 9. HP: 20/47 MP: 9/12
  5071 | D:7      | Reached skill level 4 in Invocations
  5076 | D:7      | Noticed Maggie
  5096 | D:7      | Killed Maggie
  5097 | D:7      | Reached skill level 6 in Invocations
  5333 | D:7      | Reached *** piety under Makhleb
  5352 | D:7      | Reached skill level 7 in Invocations
  5356 | D:7      | Found a bloodstained altar of Trog.
  5575 | D:8      | Noticed a guardian serpent
  5575 | D:8      | a guardian serpent changed into a troll
  5575 | D:8      | Noticed a troll (shapeshifter)
  5622 | D:8      | Killed a troll
  5623 | D:8      | Reached skill level 8 in Invocations
  5791 | D:8      | Reached XP level 10. HP: 51/51 MP: 17/17
  5798 | D:8      | Reached skill level 9 in Invocations
  6186 | D:8      | Found an ornate altar of the Wu Jian Council.
  6579 | D:9      | Noticed Grum
  6593 | D:9      | Killed Grum
  6652 | D:9      | Reached skill level 10 in Invocations
  6906 | D:9      | Noticed Prince Ribbit
  6917 | D:9      | Killed Prince Ribbit
  6993 | D:9      | Noticed a two-headed ogre
  7000 | D:9      | Killed a two-headed ogre
  7001 | D:9      | Reached skill level 11 in Invocations
  7173 | D:9      | Reached **** piety under Makhleb
  7452 | D:9      | Found a radiant altar of Vehumet.
  7452 | D:9      | Found a hazy altar of Hepliaklqana.
  7552 | D:10     | Entered Level 10 of the Dungeon
  7552 | D:10     | Found a staircase to the Lair.
  7572 | D:10     | Found a blossoming altar of Fedhas.
  7602 | D:10     | Reached skill level 12 in Invocations
  7663 | D:10     | Noticed an unseen horror
  7675 | D:10     | Killed an unseen horror
  7676 | D:10     | Reached XP level 11. HP: 55/55 MP: 21/21
  7677 | D:10     | Found Ycozusa's Book Boutique.
  7737 | D:10     | Reached skill level 13 in Invocations
  7796 | D:10     | Found a sacrificial altar of Ru.
  8206 | D:10     | Found a snail-covered altar of Cheibriados.
  8228 | D:10     | Found a staircase to the Orcish Mines.
  8650 | D:11     | Noticed a two-headed ogre
  8666 | D:11     | Killed a two-headed ogre
  8705 | D:11     | Reached ***** piety under Makhleb
  9626 | Lair:1   | Entered Level 1 of the Lair of Beasts
  9732 | Lair:1   | Noticed Fannar
  9771 | Lair:1   | Killed Fannar
  9772 | Lair:1   | Reached skill level 14 in Invocations
 10443 | Lair:2   | Noticed a skyshark
 10450 | Lair:2   | Killed a skyshark
 10451 | Lair:2   | Reached XP level 12. HP: 57/64 MP: 23/23
 11584 | Lair:3   | Reached skill level 10 in Fighting
 11584 | Lair:3   | Reached skill level 15 in Invocations
 11695 | Lair:3   | Noticed a six-headed hydra
 11708 | Lair:3   | Killed a six-headed hydra
 11709 | Lair:3   | Reached skill level 1 in Armour
 11773 | Lair:3   | Found a staircase to the Swamp.
 12026 | Lair:3   | Found a staircase to the Snake Pit.
 12254 | Lair:3   | Reached XP level 13. HP: 50/72 MP: 16/25
 13100 | Lair:4   | You fall into a shaft and drop 1 floor!
 13100 | Lair:5   | Entered Level 5 of the Lair of Beasts
 13225 | Lair:4   | Found a viscous altar of Jiyva.
 13236 | Lair:4   | Found a staircase to the Slime Pits.
 13304 | Lair:4   | Reached skill level 16 in Invocations
 14004 | D:12     | Reached skill level 1 in Evocations
 14018 | D:12     | Identified the +4 chain mail of the Smoking Gods {rCorr
                  | MP-9 Str+4 SInv}
 15554 | D:13     | Reached skill level 5 in Evocations
 16057 | D:13     | Reached XP level 14. HP: 77/77 MP: 25/27
 16490 | D:13     | HP: 1/77 [centaur warrior/arrow (14)]
 16859 | D:13     | Found a gate to the Vaults.
 17418 | D:3      | Bought a shiny scale mail for 196 gold pieces
 17593 | Orc:1    | Entered Level 1 of the Orcish Mines
 17593 | Orc:1    | Found a runed translucent gate.
 17593 | Orc:1    | Found a runed translucent gate.
 17593 | Orc:1    | Found a runed translucent gate.
 17778 | Orc:1    | Noticed Bolyar's ghost (adept TrDe)
 18111 | Orc:2    | Entered Level 2 of the Orcish Mines
 18552 | Orc:2    | Reached ****** piety under Makhleb
 18647 | Orc:2    | Reached skill level 17 in Invocations
 18751 | Orc:2    | Found Yresacs's Jewellery Boutique.
 18751 | Orc:2    | Found Badwus's Assorted Antiques.
 18753 | Orc:2    | Found Pewuf's Magic Scroll Emporium.
 18755 | Orc:2    | Found Fyzefek's Weapon Shop.
 18770 | Orc:2    | Bought a flickering copper amulet for 155 gold pieces
 18770 | Orc:2    | Identified the amulet "Kolirch" {Reflect Fly rN+ Will++
                  | SH+5} (You bought it in a shop on level 2 of the Orcish
                  | Mines)
 18776 | Orc:2    | Bought the amulet "Yfadupn" {Rampage Regen+ Int+4 Dex+3}
                  | for 723 gold pieces
 18790 | Orc:2    | Bought a scroll of identify for 36 gold pieces
 18790 | Orc:2    | Bought a scroll of identify for 36 gold pieces
 18790 | Orc:2    | Bought a scroll of teleportation for 54 gold pieces
 18790 | Orc:2    | Bought a scroll of identify for 36 gold pieces
 18790 | Orc:2    | Bought a scroll of teleportation for 54 gold pieces
 18790 | Orc:2    | Bought a scroll of teleportation for 54 gold pieces
 18790 | Orc:2    | Bought a scroll of immolation for 72 gold pieces
 19101 | Orc:2    | Reached skill level 5 in Armour
 19182 | Orc:2    | Found a staircase to the Elven Halls.
 19556 | Orc:2    | Bought a scroll of revelation for 232 gold pieces
 20372 | Lair:5   | Reached XP level 15. HP: 81/81 MP: 26/28
 21187 | Lair:5   | Identified the +4 mace of Qehiap {freeze, ^Drain Fly Str+3
                  | Int+3}
 22117 | D:15     | Entered Level 15 of the Dungeon
 22565 | D:15     | Reached skill level 18 in Invocations
 22957 | D:15     | Found a staircase to the Depths.
 23642 | Swamp:1  | Entered Level 1 of the Swamp
 23922 | Swamp:1  | Reached skill level 1 in Shields
 24137 | Swamp:1  | Reached XP level 16. HP: 80/90 MP: 30/30
 24206 | Swamp:1  | Noticed a fenstrider witch
 24207 | Swamp:1  | Noticed a fenstrider witch
 24212 | Swamp:1  | Killed a fenstrider witch
 24213 | Swamp:1  | Killed a fenstrider witch
 24330 | Swamp:1  | Identified the +5 hand axe "Seufat" {freeze, Will- rCorr
                  | Str+4}
 24362 | Swamp:1  | Noticed a tentacled monstrosity
 24982 | Swamp:1  | Killed a tentacled monstrosity
 25082 | Swamp:2  | Identified the staff of Dissent {rN+ Int+3 Dex+3 Necro}
 25157 | Swamp:2  | HP: 4/91 [death drake] (4)]
 25157 | Swamp:2  | HP: 1/91 [poisoned by a death drake (dark miasma)]
 25158 | Swamp:2  | Engulfed by a death drake's foul pestilence

Illustrated notes

Levels and vault maps discovered:
D:1:      scummos_arrival_forest, layout_loops_corners
D:2:      layout_basic, serial_corexii_hall, corexii_hall_statues_x,
          chequers_hall_statues_y, chequers_hall_statues_y, basic_altar,
          hangedman_decor_push
D:3:      layout_loops_corners, serial_shops, shop
D:4:      layout_loops_corners, mainiacjoe_overflow_paths,
          mainiacjoe_overflow_six_doors_small, lightli_sewer_entry_pipes
D:5:      layout_layer_cave, cheibrodos_ashenzari_chains
D:6:      layout_cave_pools, nicolae_yredelemnul_ghost_church,
          minmay_temple_entry_steel_oval, minmay_fractal_squares_gapless_5
D:7:      layout_rooms, mainiacjoe_overflow_alcove_4, uniq_maggie
D:8:      layout_cave_pools, nzn_wu_jian_contemplation, serial_rivers,
          chequers_serial_rivers_micro_c, chequers_serial_rivers_large_b,
          chequers_serial_rivers_micro_e, chequers_serial_rivers_room_b,
          moated_statue, grunt_decor_cap, minmay_chambers_of_fives
D:9:      layout_basic, gammafunk_temple_overflow_wave, uniq_grum,
          uniq_prince_ribbit1
D:10:     nicolae_BIG_FREAKIN_CUBE, layout_basic,
          mainiacjoe_overflow_concentric_impassable, cheibrodos_worm_habitat,
          nicolae_ru_the_path_less_chosen, lair_entry_dummy, serial_shops, shop,
          the_hattery
D:11:     layout_basic, hangedman_abyss_or_decor_slice
D:12:     layout_stronghold
D:13:     layout_gridville, david_vaults_1, kennysheep_small_spiral
D:14:     layout_roguey, minmay_staircase_bubble
D:15:     gammafunk_enter_depths_forms, layout_long_grid, kennysheep_flooded_box
Temple:   minmay_temple_curvy_loop
Lair:1:   layout_chaotic_city, uniq_fannar
Lair:2:   layout_gridlike
Lair:3:   layout_regular_city, swamp_mist, nicolae_snake_entry_squirm,
          small_statue_intersection, grunt_megastairs_4
Lair:4:   layout_concentric_octagons, nicolae_slime_entry_field_trip
Lair:5:   hangedman_lair_in_review, layout_loops_ring,
          infiniplex_staircase_pool_2, lemuel_fruit_tree
Swamp:1:  layout_basic_swamp, evilmike_swamp_ruin_house_3, swamp_pool_1_2,
          nicolae_swamp_soggy_hallways, nicolae_swamp_long_stream
Swamp:2:  layout_basic_swamp, evilmike_swamp_ruin_house_5,
          nicolae_swamp_decorative_isthmus
Orc:1:    layout_caves, serial_shops, shop, gammafunk_ghost_necromancy
Orc:2:    st_orc_rangers, layout_diamond_mine, hangedman_minor_magic

Skill      XL: |  1  2  3  4  5  6  7  8  9 10 11 12 13 14 15 16 |
---------------+-------------------------------------------------+-----
Fighting       | 3 4 5 7 10 12 13 | 13.0
Unarmed Combat | 4 6 8 10 12 13 14 | 14.5
Invocations    | 3 8 12 14 15 16 17 18 | 18.4
Armour         | 1 3 5 |  5.0
Evocations     | 5 |  5.0
Shields        | 2 3 |  3.7
Dodging        | |  2.4

Action                     |  1- 3 |  4- 6 |  7- 9 | 10-12 | 13-15 | 16-18 || total
---------------------------+-------+-------+-------+-------+-------+-------++-------
  Melee: Unarmed           |    97 |   173 |   206 |   476 |   853 |    47 ||  1852
         Bite              |    33 |    67 |    88 |   223 |   427 |    12 ||   850
  Throw: Dart              |       |       |       |       |     3 |       ||     3
 Invoke: Minor Destruction |       |       |    81 |   184 |   411 |    36 ||   712
         Major Destruction |       |       |       |     8 |    61 |    15 ||    84
         Lesser Servant of |       |       |       |     3 |     3 |       ||     6
         Greater Servant o |       |       |       |       |     2 |     2 ||     4
  Evoke: Wand              |       |       |       |     2 |       |     5 ||     7
    Use: Scroll            |       |       |       |    13 |    19 |     2 ||    34
         Potion            |       |       |       |     1 |       |     4 ||     5
   Stab: Distracted        |       |       |       |     2 |     1 |       ||     3
 Armour: Robe              |    19 |       |       |       |       |       ||    19
         Ring mail         |    40 |    95 |   199 |   409 |    10 |       ||   753
         Chain mail        |       |       |       |       |   335 |       ||   335
         Plate armour      |       |       |       |       |   751 |    95 ||   846
  Dodge: Dodged            |    48 |    79 |   146 |   260 |   298 |    10 ||   841
  Block: Buckler           |       |       |       |       |     8 |     8 ||    16

Table legend: (Time is in decaauts)
 A = Elapsed time spent in this place.
 B = Non-inter-level travel time spent in this place.
 C = Inter-level travel time spent in this place.
 D = Time resting spent in this place.
 E = Time spent auto-exploring this place.
 F = Levels seen in this place.
 G = Mean time per level.
                   A        B        C        D        E       F      G
               +--------+--------+--------+--------+--------+-----+--------+
         Total |  25058 |  22603 |   2455 |   1017 |  16100 |  25 | 1002.3 |
       Dungeon |  15751 |  14217 |   1534 |    680 |  10501 |  15 | 1050.1 |
        Temple |     67 |     35 |     32 |      0 |      0 |   1 |   67.0 |
          Lair |   5774 |   5201 |    573 |     66 |   3891 |   5 | 1154.8 |
         Swamp |   1616 |   1379 |    237 |    176 |    725 |   2 |  808.0 |
  Orcish Mines |   1848 |   1771 |     77 |     94 |    983 |   2 |  924.0 |
               +--------+--------+--------+--------+--------+-----+--------+

Top non-repeatable levels by time:
  Lair:5: 1568 daAuts
    D:13: 1562 daAuts
 Swamp:1: 1496 daAuts
    D:12: 1474 daAuts
   Orc:2: 1402 daAuts
    D:10: 1324 daAuts
     D:9: 1300 daAuts
  Lair:3: 1279 daAuts
    D:15: 1235 daAuts
    D:11: 1185 daAuts
     D:4: 1181 daAuts
     D:8: 1058 daAuts
     D:5: 1057 daAuts
    D:14: 1024 daAuts
  Lair:2: 1020 daAuts
